 Seeded DCSS version 0.29-a0-664-gff9cad4a3d (webtiles) character file.

Game seed: 12781424815227474791 (custom seed)

728 zeratav the Tainter (level 7, -3/62 HPs)
             Began as an Ogre Venom Mage on June 22, 2022.
             Slain by an ice beast (9 damage)
             ... on level 5 of the Dungeon.
             The game lasted 00:14:57 (6094 turns).

zeratav the Tainter (Ogre Venom Mage)               Turns: 6094, Time: 00:14:57

Health: -3/62      AC:  3    Str: 15    XL:     7   Next: 72%
Magic:  19/19      EV:  9    Int: 16    God:
Gold:   143        SH:  0    Dex:  9    Spells: 5/10 levels left

rFire   . . .      SeeInvis .   r - +3 trident (flame) {polearm}
rCold   . . .      Faith    .   (no shield)
rNeg    . . .      Spirit   .   a - +0 robe
rPois   .          Reflect  .   (helmet restricted)
rElec   .          Harm     .   (no cloak)
rCorr   .          Rampage  .   (gloves unavailable)
Will    .....                   (boots unavailable)
Stlth   +.........              (no amulet)
HPRegen 0.20/turn               q - ring of magical power
MPRegen 0.16/turn               (no ring)

@: no status effects
A: large, unfitting armour, tough skin 1
a: no special abilities


You were on level 5 of the Dungeon.
You visited 1 branch of the dungeon, and saw 5 of its levels.

You collected 187 gold pieces.
You spent 44 gold pieces at shops.


Innate Abilities, Weirdness & Mutations

You are too large for most types of armour.
You have tough skin. (AC +1)


   Skills:
 + Level 1.6 Fighting
 - Level 1.7 Dodging
 - Level 1.4 Stealth
 - Level 2.4 Spellcasting
 - Level 0.8 Transmutations
 - Level 8.0 Poison Magic


You had 5 spell levels left.
You knew the following spells:

 Your Spells              Type           Power      Damage    Failure   Level
a - Sting                 Tmut/Pois      64%        1d6       3%          1
b - Olgreb's Toxic Radia  Pois           27%        N/A       8%          4

Your spell library contained the following spells:

 Spells                   Type           Power      Damage    Failure   Level
 Poisonous Vapours        Pois/Air       28%        N/A       6%          2
 Summon Small Mammal      Summ           4%         N/A       21%         1
 Mephitic Cloud           Conj/Pois/Air  10%        N/A       21%         3
 Call Canine Familiar     Summ           1%         N/A       52%         3
 Summon Guardian Golem    Hex/Summ       1%         N/A       52%         3

Inventory:

Hand Weapons
 g - a +2 short sword of venom {short}
   (You took it off a kobold on level 1 of the Dungeon)
 l - a +0 giant spiked club {mace}
   (You took it off an ogre on level 4 of the Dungeon)
 n - a +4 spear {polearm}
   (You took it off a gnoll on level 4 of the Dungeon)
 o - the +5 hunting sling of Articulation {freeze, rCorr Dex+4, sling}
   (You found it on level 5 of the Dungeon)

   Any ammunition fired from it freezes those it strikes, dealing additional
   cold damage.
   It can also slow down cold-blooded creatures.
   Dex:       It affects your dexterity (+4).
   rCorr:     It protects you from acid and corrosion.
 r - a +3 trident of flaming (weapon) {polearm}
   (You took it off a gnoll sergeant on level 5 of the Dungeon)
Armour
 a - a +0 robe (worn)
Jewellery
 k - an amulet of faith {!P}
   (You found it on level 3 of the Dungeon)
 m - a ring of resist corrosion
   (You found it on level 3 of the Dungeon)
 q - a ring of magical power (left hand)
   (You found it on level 5 of the Dungeon)
Scrolls
 c - a scroll of identify {@r1}
 h - a scroll of teleportation {@r4}
 i - a scroll of brand weapon
 p - a scroll of enchant armour {unknown}
Potions
 b - a potion of magic
 d - 2 potions of curing {@q1}
 e - 3 potions of lignification {!q}
 f - 2 potions of might
 j - 2 potions of attraction {!q}

Dungeon Overview and Level Annotations

Branches:
Dungeon (5/15) Zot: 23876
 Temple: D:4-7

Altars:
Zin

Shops:
D:4 ?

Annotations:
D:3 3 runed translucent doors, Sigmund

...#....#...## #.#
#..........# #.#
.....##....## #.#
Y....##.....## #.#
.............# #.#
...#....#....###.#
........[......#.####
......)........Y....#
..).##......####@#....#
..####.....## #.######
........[..# ##<#
######.....# #..#
.........# #.##
#..#.....# ##.#
.#...#####.###.)##
..#.. ####.#.....#
....###......#..##


You could see an ice beast.


Message History

You take 5 damage, and now have 54/59 hp.
Casting: Olgreb's Toxic Radiance (dangerous; 8% risk of failure)
Confirm with . or Enter, or press ? or * to list all spells.
You begin to radiate toxic energy.
The gnoll is poisoned.
The hound is poisoned.
The gnoll looks even sicker.
The hound bites you.
HP[-2] MP[-4]
You take 2 damage, and now have 52/59 hp.
You lost 4 mp, and now have 15/19 mp.
The gnoll looks even sicker.
Your toxic aura wanes.
The hound bites you. The hound barely misses you.
You hit the hound.
The hound looks even sicker.
The hound bites you. The gnoll hits you with a +0 club.
HP[-8]
You take 8 damage, and now have 44/59 hp.
You hit the gnoll.
The gnoll looks as sick as possible!
You kill the gnoll!
The hound misses you. The hound bites you.
Training target 8.0 for Poison Magic reached!
Your Poison Magic skill increases to level 8!
You need to enable at least one skill for training.
HP[+1] MP[+1]
You now have 61 max hp (+2).
You miss the hound.
You kill the hound!
An ice beast comes into view.
Your Fighting skill increases to level 1!
HP[+1]
You now have 62 max hp (+1).
You start resting.
An ice beast is nearby!
HP[+5] MP[+3]
You regained 5 hp, and now have 51/62 hp.
Your mp is fully restored (19).
HP[+1] HP[+1]
You start resting.
HP[+9]
Your hp is fully restored (62).
Found a stone staircase leading down.
Casting: Olgreb's Toxic Radiance (dangerous; 8% risk of failure)
Confirm with . or Enter, or press ? or * to list all spells.
You begin to radiate toxic energy.
MP[-4]
You lost 4 mp, and now have 15/19 mp.
Your toxic aura wanes.
MP[+1] MP[+1]
There is a stone staircase leading up here.
You climb upwards.
There is a stone staircase leading down here.
MP[+1]
You start resting.
MP[+1]
Your mp is fully restored (19).
There is a stone staircase leading down here.
You climb downwards.
There is a stone staircase leading up here.
You see here a +0 short sword {short}.
You see here a hound skeleton.
Items here: ) [[ รท.
r - a +3 trident of flaming {polearm};
s - a +0 buckler You drop a +0 buckler.
Your +2 short sword of venom {short} stops dripping with poison.
Your +3 trident of flaming {polearm} bursts into flame!
r - a +3 trident of flaming (weapon)
{polearm}
There is a stone staircase leading up here.
You catch the helpless ice beast completely off-guard!
You hit the ice beast.
You melt the ice beast.
The ice beast hits you. The ice beast freezes you!
HP[-15]
You take 15 damage, and now have 47/62 hp.
MASSIVE DAMAGE!! (PAUSE)
You hit the ice beast.
You melt the ice beast.
The ice beast hits you. The ice beast freezes you!
* * * LOW HITPOINT WARNING * * *
The ice beast hits you.
* * * LOW HITPOINT WARNING * * *
The ice beast freezes you!
* * * LOW HITPOINT WARNING * * *
HP[-26]
You take 26 damage, and now have 21/62 hp.
MASSIVE DAMAGE!! (PAUSE)
You closely miss the ice beast. The ice beast hits you.
* * * LOW HITPOINT WARNING * * *
The ice beast freezes you!
* * * LOW HITPOINT WARNING * * *
HP[-14]
You take 14 damage, and now have 7/62 hp.
MASSIVE DAMAGE!! (PAUSE)
You closely miss the ice beast. The ice beast barely misses you.
HP[+1]
You hit the ice beast but do no damage.
The ice beast hits you but does no damage.
You completely miss the ice beast. The ice beast barely misses you.
The ice beast hits you.
* * * LOW HITPOINT WARNING * * *
The ice beast freezes you!
You die...

Skill      XL: |  1  2  3  4  5  6  7 |
---------------+----------------------+-----
Poison Magic   | 3 4 5 7 8 |  8.0
Fighting       | 1 |  1.6
Dodging        | |  1.7
Stealth        | |  1.4
Spellcasting   | |  2.4
Transmutations | |  0.8

Action                   |  1- 3 |  4- 6 |  7- 9 || total
-------------------------+-------+-------+-------++-------
Melee: Short sword       |     4 |   159 |    19 ||   182
       Unarmed           |     1 |       |       ||     1
       Punch             |       |     2 |       ||     2
       Giant spiked club |       |     1 |       ||     1
       Trident           |       |       |     6 ||     6
 Fire: Hunting sling     |       |       |     1 ||     1
 Cast: Sting             |    13 |     8 |       ||    21
       Olgreb's Toxic Ra |       |     2 |     9 ||    11
  Use: Scroll            |       |     7 |       ||     7
       Potion            |       |     1 |       ||     1
 Stab: Sleeping          |       |     4 |     1 ||     5
       Distracted        |       |       |     1 ||     1
Armor: Robe              |       |    41 |     2 ||    43
Dodge: Dodged            |     3 |    69 |    13 ||    85

Levels and vault maps discovered:
D:1:      zaba_arrival_water, layout_loops_ring, ebering_ecumenical_altar_webs,
          item_on_display_a
D:2:      layout_basic, interstate_on_off, hangedman_abyss_or_decor_lesser_grid,
          minmay_domino_2
D:3:      layout_loops_ring, mainiacjoe_overflow_alcove_1,
          overflow_temple_1_default, lemuel_doored_altar, gammafunk_ghost_split,
          minmay_checkerbox, uniq_sigmund, uniq_grinder
D:4:      layout_rooms, serial_shops, shop
D:5:      layout_rooms, minmay_tree_intersection, skrybe_limestone_x,
          minmay_misc_feat_square

Notes
Turn   | Place    | Note
-------+----------+-------------------------------------------
     0 | D:1      | zeratav the Ogre Venom Mage began the quest for the Orb.
     0 | D:1      | Reached XP level 1. HP: 16/16 MP: 3/3
     0 | D:1      | magus.rc [v1.9.6]
   331 | D:1      | Found a faded altar of an unknown god.
   337 | D:1      | Reached skill level 3 in Poison Magic
   390 | D:1      | Reached XP level 2. HP: 24/24 MP: 1/5
   708 | D:2      | Noticed a scorpion
   712 | D:2      | Killed a scorpion
   713 | D:2      | Reached skill level 4 in Poison Magic
   713 | D:2      | Reached XP level 3. HP: 28/31 MP: 3/6
   713 | D:2      | Reached XP level 4. HP: 35/39 MP: 3/7
   978 | D:2      | HP: 9/39 [adder (1)]
  1509 | D:2      | You pick up a book of Callings and begin reading...
  1509 | D:2      | You add the spells Summon Small Mammal, Call Canine
                  | Familiar and Summon Guardian Golem to your library.
  2154 | D:3      | Reached skill level 5 in Poison Magic
  2154 | D:3      | Reached XP level 5. HP: 45/45 MP: 8/8
  2309 | D:2      | HP: 6/45 [gnoll/+3 spear (7)]
  2311 | D:2      | HP: 1/45 [gnoll/+3 spear (7)]
  2636 | D:3      | Noticed Sigmund
  3009 | D:3      | Found a runed translucent gate.
  3009 | D:3      | Found a runed translucent gate.
  3010 | D:3      | Found a runed translucent gate.
  3023 | D:3      | Found a glowing silver altar of Zin.
  3091 | D:4      | Noticed an ogre
  3227 | D:4      | Reached XP level 6. HP: 28/53 MP: 9/9
  3457 | D:4      | Reached skill level 6 in Poison Magic
  3691 | D:4      | Found Junuge's Magic Scroll Emporium.
  3893 | D:4      | Bought a scroll of identify for 22 gold pieces
  3893 | D:4      | Bought a scroll of identify for 22 gold pieces
  3959 | D:4      | HP: 8/53 [gnoll/+0 club (10)]
  4031 | D:3      | HP: 12/53 [Sigmund/puff of flame (6)]
  4559 | D:4      | Learned a level 4 spell: Olgreb's Toxic Radiance
  4827 | D:4      | Reached skill level 7 in Poison Magic
  4827 | D:4      | Reached XP level 7. HP: 19/56 MP: 10/10
  5089 | D:5      | Entered Level 5 of the Dungeon
  5100 | D:5      | Identified the +5 hunting sling of Articulation {freeze,
                  | rCorr Dex+4}
  5890 | D:5      | Reached skill level 8 in Poison Magic
  5891 | D:5      | Reached skill level 1 in Fighting
  6091 | D:5      | HP: 7/62 [ice beast (11)]
  6094 | D:5      | Slain by an ice beast

Vanquished Creatures
  An ogre (D:4)
  A phantom (D:4)
  A gnoll sergeant (D:5)
  A necrophage (D:4)
  2 scorpions
  2 hounds (D:5)
  2 iguanas (D:5)
  14 gnolls
  3 adders
  A white imp (D:5)
  An ufetubus (D:5)
  5 dart slugs
  An orc (D:5)
  4 giant cockroaches
  2 hobgoblins
  2 jackals (D:2)
  A quokka (D:4)
  4 ball pythons
  2 bats (D:2)
  A frilled lizard (D:2)
  5 goblins
  5 kobolds
  5 rats
66 creatures vanquished.

Table legend:
 A = Non-vault XP
 B = Vault XP
 C = Vault XP percentage of total XP
 D = Non-vault monster count
 E = Vault monster count
 F = Vault count percentage of total count
                 A         B        C        D         E       F
            +---------+---------+-------+---------+---------+-------
      Total |    1039 |       1 |   0.1 |      65 |       1 |   1.5
            +---------+---------+-------+---------+---------+-------
        D:1 |      11 |       0 |   0.0 |       7 |       0 |   0.0
        D:2 |     143 |       1 |   0.7 |      17 |       1 |   5.6
        D:3 |      62 |       0 |   0.0 |      11 |       0 |   0.0
        D:4 |     473 |       0 |   0.0 |      16 |       0 |   0.0
        D:5 |     350 |       0 |   0.0 |      14 |       0 |   0.0
            +---------+---------+-------+---------+---------+-------

Illustrated notes

Table legend:
 A = Kills in this place as a percentage of kills in entire the game.
 B = Kills by you in this place as a percentage of kills by you in the entire game.
 C = Kills by friends in this place as a percentage of kills by friends in the entire game.
 D = Other kills in this place as a percentage of other kills in the entire game.
 E = Experience gained in this place as a percentage of experience gained in the entire game.
 F = Experience gained in this place divided by the number of levels of this place that you have seen.
                   A       B       C       D       E      F
               +-------+-------+-------+-------+-------+----------------------
         Total | 100.0 | 100.0 |   N/A |   N/A | 100.0 | 208.0
       Dungeon | 100.0 | 100.0 |   N/A |   N/A | 100.0 | 208.0
               +-------+-------+-------+-------+-------+----------------------

Table legend: (Time is in decaauts)
 A = Elapsed time spent in this place.
 B = Non-inter-level travel time spent in this place.
 C = Inter-level travel time spent in this place.
 D = Time resting spent in this place.
 E = Time spent auto-exploring this place.
 F = Levels seen in this place.
 G = Mean time per level.
                   A        B        C        D        E       F      G
               +--------+--------+--------+--------+--------+-----+--------+
         Total |   6122 |   5746 |    376 |   2604 |   1785 |   5 | 1224.4 |
       Dungeon |   6122 |   5746 |    376 |   2604 |   1785 |   5 | 1224.4 |
               +--------+--------+--------+--------+--------+-----+--------+

Top non-repeatable levels by time:
     D:2: 1962 daAuts
     D:4: 1861 daAuts
     D:5: 988 daAuts
     D:1: 713 daAuts
     D:3: 595 daAuts
